 Dungeon Crawl Stone Soup version 0.26-a0-660-gc07710193c (webtiles) character file.

Game seed: 18251532659426769550

490 Baz the Sneak (level 7, -5/47 HPs)
             Began as an Octopode Brigand on Oct 7, 2020.
             Was an Initiate of Okawaru.
             Slain by a sky beast (6 damage)
             ... on level 5 of the Dungeon.
             The game lasted 00:08:50 (4320 turns).

Baz the Sneak (Octopode Brigand)                    Turns: 4320, Time: 00:08:51

Health: -5/47      AC:  1    Str: 12    XL:     7   Next: 14%
Magic:  7/7        EV: 14    Int: 14    God:    Okawaru [......]
Gold:   164        SH:  0    Dex: 13    Spells: 6/6 levels left

rFire    . . .     SeeInvis .   a - +1 dagger (venom)
rCold    + . .     Faith    .   (no shield)
rNeg     . . .     Spirit   .   (helmet restricted)
rPois    .         Reflect  .   (no amulet)
rElec    .         Harm     .   d - ring of protection from cold
rCorr    .         Rampage  .   k - ring of stealth
MR       .....                  (no ring)
Stlth    +++++.....             (no ring)
HPRegen  0.15/turn              (no ring)
MPRegen  0.10/turn              (no ring)
                                (no ring)
                                (no ring)

@: stab
A: almost no armour, stealthy swim, amphibious, 8 rings, constrict 8, camouflage
1, gelatinous body 1
a: Renounce Religion


You were on level 5 of the Dungeon.
You worshipped Okawaru.
Okawaru was noncommittal.
You visited 1 branch of the dungeon, and saw 5 of its levels.

You collected 164 gold pieces.

Inventory:

Hand Weapons
 a - a +1 dagger of venom (weapon)
 n - a +2 dagger
Missiles
 b - 23 poisoned darts (quivered)
 c - 2 curare-tipped darts
Jewellery
 d - a ring of protection from cold (left tentacle)
 g - an uncursed ring of positive energy {unknown}
 k - a ring of stealth (right tentacle)
Wands
 r - a wand of polymorph (4)
Scrolls
 f - a scroll of enchant weapon
 i - a scroll of immolation
 j - a scroll of random uselessness
 m - 4 scrolls of enchant armour
 p - 4 scrolls of remove curse
 q - 4 scrolls of teleportation
 y - a scroll of amnesia {unknown}
 A - a scroll of fear {unknown}
Potions
 e - 4 potions of stabbing
 h - a potion of curing
 o - a potion of flight {unknown}
 s - a potion of invisibility {unknown}
 u - 2 potions of might {unknown}
 v - 2 potions of brilliance {unknown}
 w - 2 potions of resistance {unknown}
 z - a potion of heal wounds {unknown}


   Skills:
 + Level 3.7 Fighting
 - Level 2.0 Short Blades
 - Level 2.0 Throwing
 + Level 3.2 Dodging
 - Level 6.0 Stealth
 * Level 4.3 Unarmed Combat
 + Level 2.4 Evocations


You had 6 spell levels left.
You didn't know any spells.
Your spell library was empty.

Dungeon Overview and Level Annotations

Branches:
Dungeon (5/15)             Temple (0/1) D:4

Altars:
Ashenzari
Cheibriados
Makhleb
Okawaru
Qazlal
Ru
Sif Muna
Wu Jian
Zin
The Shining One

Shops:
D:5 :


Innate Abilities, Weirdness & Mutations

You cannot wear most types of armour.
You are very stealthy in the water. (Stealth+)
You are amphibious.
You can wear up to eight rings at the same time.
You can use your tentacles to constrict eight enemies at once.
Your skin changes colour to match your surroundings (Stealth+).
Your rubbery body absorbs attacks. (AC +1, EV +1)


Message History

Aim: a sky beast (almost dead, chance to defeat MR: 52%)
The sky beast resists with significant effort.
The sky beast misses you.
Evoke which item? (* to show all) (? for menu, Esc to quit)
Okay, then.
Evoke which item? (* to show all) (? for menu, Esc to quit)
Aiming: Polymorph
Press: ? - help, Shift-Dir - straight line, f/p - sky beast
Aim: a sky beast (almost dead, chance to defeat MR: 52%)
The sky beast resists with significant effort.
The sky beast barely misses you.
Evoke which item? (* to show all) (? for menu, Esc to quit)
Aiming: Polymorph
Press: ? - help, Shift-Dir - straight line, f/p - sky beast
Aim: a sky beast (almost dead, chance to defeat MR: 52%)
The sky beast resists with significant effort.
The sky beast hits you.
* * * LOW HITPOINT WARNING * * *
The sky beast shocks you.
You die...

** **#.##...###.g......# *,* ,*
#,,,##.### #........# *,*
,*###.#,#..# #........# *,*
,,......#.## #####.#### *,*
,,,,,,,#..### #?# *,*
****,*,###..#### #.# ***,***
***,,***≈##.$..#####)# *,,,,,*
*,,,**,*≈*####gY...#.# *,,,,,*
*,****,*≈** ###@..#(# *,,,,,*
*,* *,,,≈,** *#....#†# *,,,,,*
*,*****,≈,,*##.....#(#****,,,,,*
*#**≈**,≈,,....#...#.#*≈**,,,,,*
##≈≈≈*####...###...#.#*≈*,,,,,,*
#≈≈####....##* #####.#,≈,,******
#≈≈#....##### ##.#,≈,.*
.≈≈.........#######..#.≈.#*
≈≈≈..######....{......#≈**


You could see a sky beast and a gnoll.

Vanquished Creatures
  A bullfrog (D:4)
  2 scorpions (D:4)
  Crazy Yiuf (D:2)
  A bullfrog skeleton (D:4)
  A hound (D:4)
  9 gnolls
  5 adders
  2 adder skeletons
  4 worms
  A dart slug (D:2)
  3 leopard geckos
  11 orcs
  A ball python (D:3)
  3 giant cockroaches
  10 goblins
  13 hobgoblins
  7 kobolds
  4 bats
  9 frilled lizards
  7 rats (D:1)
95 creatures vanquished.

Vanquished Creatures (others)
  A plant (D:2)
1 creature vanquished.

Grand Total: 96 creatures vanquished

Notes
Turn   | Place    | Note
-------+----------+-------------------------------------------
     0 | D:1      | Baz the Octopode Brigand began the quest for the Orb.
     0 | D:1      | Reached XP level 1. HP: 14/14 MP: 1/1
    69 | D:1      | Reached XP level 2. HP: 18/19 MP: 2/2
   110 | D:1      | Reached skill level 1 in Unarmed Combat
   844 | D:1      | Reached XP level 3. HP: 24/24 MP: 3/3
  1366 | D:2      | Reached XP level 4. HP: 23/30 MP: 4/4
  1526 | D:2      | Found a glowing golden altar of the Shining One.
  1570 | D:2      | Found a runed translucent door.
  1571 | D:2      | Noticed Crazy Yiuf
  1578 | D:2      | Killed Crazy Yiuf
  1578 | D:2      | Reached skill level 6 in Stealth
  1660 | D:2      | Found a stormy altar of Qazlal.
  1716 | D:2      | Found a broken altar of Ashenzari.
  1716 | D:2      | Found a glowing silver altar of Zin.
  1716 | D:2      | Found a snail-covered altar of Cheibriados.
  1737 | D:2      | Found an ornate altar of the Wu Jian Council.
  1897 | D:2      | Reached XP level 5. HP: 25/36 MP: 5/5
  2688 | D:3      | Reached skill level 1 in Evocations
  3020 | D:3      | Found an iron altar of Okawaru.
  3032 | D:3      | Became a worshipper of Warmaster Okawaru
  3309 | D:3      | Reached XP level 6. HP: 40/42 MP: 6/6
  3601 | D:3      | You fall into a shaft and drop 1 floor!
  3725 | D:4      | Found a sacrificial altar of Ru.
  3795 | D:3      | Found a shimmering blue altar of Sif Muna.
  4051 | D:4      | Found a staircase to the Ecumenical Temple.
  4191 | D:4      | Found a burning altar of Makhleb.
  4209 | D:4      | Reached XP level 7. HP: 47/47 MP: 7/7
  4239 | D:5      | Entered Level 5 of the Dungeon
  4296 | D:5      | Found Obifoodd's Book Boutique.
  4298 | D:5      | HP: 1/47 [sky beast (6)]
  4314 | D:5      | HP: 2/47 [sky beast (6)]
  4320 | D:5      | HP: 1/47 [sky beast (2)]
  4320 | D:5      | Slain by a sky beast

Illustrated notes

Levels and vault maps discovered:
D:1:      minmay_arrival_arboretum_small, layout_rooms, minmay_pentomino_s4
D:2:      layout_basic, gammafunk_temple_overflow_statue, tso_altar,
          gammafunk_temple_overflow_forgotten, uniq_crazy_yiuf_cottage
D:3:      layout_basic, nicolae_overflow_hidden_temple,
          okawaru_ov_weapons_minmay
D:4:      layout_cave_pools, nicolae_ru_awakened_eye,
          makhleb_blood_cavern_becter, minmay_temple_entry_statues_fountains
D:5:      layout_rooms, kennysheep_mini, serial_shops,
          nicolae_shop_temple_entry_statues_fountains, serial_rivers,
          chequers_serial_rivers_large_b, chequers_serial_rivers_micro_a,
          chequers_serial_rivers_micro_b, chequers_serial_rivers_small_3,
          chequers_serial_rivers_marsh, chequers_serial_rivers_micro_e,
          cheibrodos_sewer_entry_bend

Skill      XL: |  1  2  3  4  5  6 |
---------------+-------------------+-----
Unarmed Combat | 1 2 3 4 |  4.3
Dodging        | 2 3 |  3.2
Stealth        | 6 |  6.0
Fighting       | 3 |  3.7
Evocations     | 1 2 |  2.4
Short Blades   | |  2.0
Throwing       | |  2.0

Action                   |  1- 3 |  4- 6 |  7- 9 || total
-------------------------+-------+-------+-------++-------
Melee: Dagger            |    52 |   111 |    12 ||   175
       Constrict         |    15 |    31 |     3 ||    49
       Tentacles         |     7 |    16 |     5 ||    28
       Punch             |     1 |     3 |       ||     4
Throw: Dart              |     3 |     5 |     3 ||    11
Evoke: Wand              |       |       |     3 ||     3
  Use: Scroll            |       |       |     8 ||     8
       Potion            |       |       |     2 ||     2
 Stab: Sleeping          |     9 |    17 |       ||    26
Armor: Skin              |     5 |     3 |       ||     8
Dodge: Dodged            |    32 |    50 |    13 ||    95

Table legend: (Time is in decaauts)
 A = Elapsed time spent in this place.
 B = Non-inter-level travel time spent in this place.
 C = Inter-level travel time spent in this place.
 D = Time resting spent in this place.
 E = Time spent auto-exploring this place.
 F = Levels seen in this place.
 G = Mean time per level.
                   A        B        C        D        E       F      G
               +--------+--------+--------+--------+--------+-----+--------+
         Total |   4297 |   4261 |     36 |   1731 |   1528 |   5 |  859.4 |
       Dungeon |   4297 |   4261 |     36 |   1731 |   1528 |   5 |  859.4 |
               +--------+--------+--------+--------+--------+-----+--------+

Top non-repeatable levels by time:
     D:2: 1642 daAuts
     D:1: 1027 daAuts
     D:3: 928 daAuts
     D:4: 619 daAuts
     D:5: 79 daAuts
